AoeStats
← NDF

Arabia

504356922Analyzed
2v2 RM · 27d ago on Sep 5, 2026· 59m 22s· 4 players
Game mode
Random Map
Map size
Medium (4 player)
Population
200
Speed
Normal
Resources
Standard
Victory
Conquest
Starting age
Dark Age
Ending age
Imperial Age
RankedLock teamsTeams togetherTeam positionsShared explorationLock speedFull tech treeHidden civsTurbo modeCheats
Victory
Defeat
🇦🇷 Teutons · Argentina
675
+10
🇦🇷 Spanish · Argentina
674
+10
🇳🇿 Vietnamese · New Zealand
571
-11
🇳🇿 Italians · New Zealand
504
-9
KICK/PhatGats
8:21 Loom
11:12 Feudal Age
13:01 Double-Bit Axe
16:39 Scale Barding Armor
19:09 Fletching
20:40 Forging
20:31 Padded Archer Armor
22:55 Castle Age
21:31 Gold Mining
22:29 Forging
22:22 Padded Archer Armor
23:26 Crossbowman
24:24 Husbandry
24:20 Light Cavalry
37:32 Stone Mining
45:36 Thumb Ring
51:51 Devotion
Affinity
10:04 Feudal Age
8:55 Loom
10:41 Horse Collar
17:42 Wheelbarrow
20:22 Castle Age
21:14 Double-Bit Axe
21:44 Crossbowman
23:11 Gold Mining
24:42 Bow Saw
24:37 Heavy Plow
26:25 Stone Mining
27:19 Husbandry
27:31 Bloodlines
29:00 Padded Archer Armor
28:51 Fletching
29:07 Scale Barding Armor
34:59 Thumb Ring
35:33 Chatras
35:04 Elite Skirmisher
36:11 Hand Cart
38:11 Leather Archer Armor
37:52 Bodkin Arrow
39:33 Chain Barding Armor
39:25 Forging
42:34 Imperial Age
43:25 Ballistics
46:19 Chemistry
50:23 Ring Archer Armor
49:54 Bracer
50:31 Plate Barding Armor
50:32 Iron Casting
52:57 Imperial Skirmisher
NDF
4:34 Loom
13:02 Feudal Age
19:41 Castle Age
18:39 Double-Bit Axe
18:38 Horse Collar
18:52 Gold Mining
20:27 Bloodlines
20:06 Arson
20:26 Stone Mining
22:35 Squires
23:04 Bow Saw
23:42 Crossbowman
24:29 Scale Mail Armor
28:16 Pikeman
36:33 Wheelbarrow
37:07 Forging
37:03 Heavy Plow
38:58 Stone Shaft Mining
38:28 Padded Archer Armor
38:19 Fletching
42:14 Hand Cart
44:31 Imperial Age
46:37 Imperial Age
48:30 Two-Man Saw
48:05 Crop Rotation
47:54 Masonry
47:12 Halberdier
48:22 Elite Teutonic Knight
49:41 Arrowslits
56:41 Hoardings
56:51 Iron Casting
56:32 Chain Mail Armor
estebanpa
4:37 Loom
12:14 Feudal Age
12:43 Man-at-Arms
14:37 Forging
14:28 Scale Mail Armor
21:41 Castle Age
20:14 Double-Bit Axe
21:19 Gold Mining
23:14 Chain Mail Armor
23:35 Iron Casting
23:22 Bow Saw
23:10 Stone Mining
23:21 Pikeman
24:02 Squires
34:58 Redemption
38:22 Imperial Age
36:28 Wheelbarrow
35:39 Town Watch
37:48 Fervor
39:04 Halberdier
40:20 Plate Mail Armor
40:50 Blast Furnace
39:57 Scale Barding Armor
43:24 Block Printing
43:35 Illumination
43:47 Theocracy
49:07 Hoardings
48:34 Inquisition
51:02 Murder Holes
Connection lost

Rejoining the realm…

Still unreachable

The connection could not be restored.

Session expired

The server has moved on; the page needs a fresh start.